 Dungeon Crawl Stone Soup version 0.27-a0-417-g317cea8a3c (webtiles) character file.

Game seed: 17053172061115493823

620 sanka the Jinx (level 7, 0/36 HPs)
             Began as a Vampire Enchanter on Feb 25, 2021.
             Slain by Eustachio
             ... wielding a +0 falchion
              (5 damage)
             ... on level 4 of the Dungeon.
             The game lasted 00:12:08 (6291 turns).

sanka the Jinx (Vampire Enchanter)                  Turns: 6291, Time: 00:12:09

Health: 0/36       AC:  4    Str:  7      XL:     7   Next: 22%
Magic:  6/10       EV: 15    Int: 17      God:
Gold:   213        SH:  0    Dex: 15 (17) Spells: 4/10 levels left

rFire    . . .     SeeInvis +   a - +0 dagger (drain)
rCold    + + .     Faith    +   (no shield)
rNeg     + + +     Spirit   .   q - +0 robe
rPois    ∞         Reflect  .   g - +2 hat
rElec    .         Harm     .   (no cloak)
rCorr    .         Rampage  .   (no gloves)
Will     .....                  (no boots)
Stlth    ++++++....             f - amulet of faith
HPRegen  0.00/turn              (no ring)
MPRegen  0.12/turn              (no ring)

@: confusing touch, bloodless
A: fangs 3, see invisible, unbreathing
a: Bat Form, Revivify


You were on level 4 of the Dungeon.
You visited 1 branch of the dungeon, and saw 4 of its levels.
You also visited: Ossuary.

You collected 213 gold pieces.


Innate Abilities, Weirdness & Mutations

You do not regenerate when monsters are visible.
You are frail without blood (-20% HP).
You can heal yourself when you bite living creatures.
You are immune to poison.
You have razor-sharp teeth.
You have supernaturally acute eyesight. (SInv)
You can survive without breathing.


   Skills:
 - Level 1.1 Short Blades
 + Level 5.5 Dodging
 - Level 8.0 Stealth
 - Level 2.0 Spellcasting
 - Level 8.0 Hexes


You had 4 spell levels left.
You knew the following spells:

 Your Spells              Type           Power        Failure   Level
x - Ensorcelled Hibernat  Hex/Ice        30%          5%          2
z - Confusing Touch       Hex            28%          2%          3
Z - Corona                Hex            31%          1%          1

Your spell library contained the following spells:

 Spells                   Type           Power        Failure   Level
 Tukima's Dance           Hex            28%          2%          3
 Dazzling Flash           Conj/Hex       30%          11%         3

Inventory:

Hand Weapons
 a - a +0 dagger of draining (weapon)
 b - a +0 war axe
Armour
 g - a +2 hat (worn)
 q - a +0 robe (worn)
 y - the +1 robe of Hospitality {rElec Str+3}

   It affects your strength (+3).
   It insulates you from electricity.
Jewellery
 f - an amulet of faith (around neck)
Wands
 l - a wand of iceblast (6)
Scrolls
 c - 6 scrolls of identify {unknown}
 d - 3 scrolls of teleportation {unknown}
 h - 3 scrolls of fog {unknown}
 j - 3 scrolls of noise {unknown}
 m - 5 scrolls of magic mapping {unknown}
 r - a scroll of amnesia {unknown}
 t - a scroll of random uselessness {unknown}
 u - a scroll of enchant armour {unknown}
 v - a scroll of fear {unknown}
Potions
 e - 4 potions of curing {@q1}
 i - 3 potions of flight {unknown}
 k - a potion of mutation {unknown}
 n - a potion of experience {unknown}
 o - 2 potions of brilliance {unknown}
 p - a potion of heal wounds {unknown}
 s - a potion of ambrosia {unknown}
 w - 3 potions of might {unknown}
 x - a potion of haste {@q3}
 z - a potion of attraction {unknown}

Dungeon Overview and Level Annotations

Branches:
Dungeon (4/15)            Ossuary (visited)
 Temple: D:4-7

Altars:
Ashenzari
Gozag
Kikubaaqudgha
Wu Jian

Annotations:
D:4 Eustachio

.▒ ▒..▒▒ ▒.▒ .▒ ▒▒..▒
▒.▒ .▒▒▒▒▒..▒ ▒.▒
.......>▒ ▒.▒
.▒▒▒▒▒▒▒▒▒▒▒▒.▒
..............▒▒▒▒▒▒▒▒▒▒
..▒▒▒.........▒........▒
....▒▒.▒▒▒▒▒.▒▒r▒▒▒▒▒.▒▒
▒▒▒........▒.▒5rV@55▒#▒
▒ ▒.▒▒.▒▒.▒▒.▒.#▒▒.▒▒#▒
▒▒▒..........▒..▒▒.▒▒.▒
'....▒▒.▒.▒▒▒▒..▒▒.▒▒.▒
▒▒▒.▒▒▒.▒.▒ ▒..▒▒....▒ ▒
▒.▒ ▒.▒.▒▒▒▒..▒▒▒▒▒▒▒
▒▒▒.▒ ▒.▒.......▒ ....▒
▒.▒▒▒▒▒▒▒.▒ .▒▒▒▒
▒.........▒


You could see Eustachio, an iron imp (summoned), a crimson imp (summoned), a
shadow imp (summoned) and 2 quokkas.


Message History

The quasit closely misses you. The quasit barely misses you.
Your hands begin to glow red.
The quasit bites you.
* * * LOW HITPOINT WARNING * * *
The quasit claws you but does no damage.
The quasit closely misses you.
Eustachio casts a spell.
The quokka bites you.
* * * LOW HITPOINT WARNING * * *
The quokka closely misses you.
Unknown command.
You hit Eustachio but do no damage.
Eustachio is severely wounded.
The quasit bites you.
* * * LOW HITPOINT WARNING * * *
You feel clumsy. The quasit misses you.
The quasit claws you but does no damage.
Eustachio hits you with a +0 falchion.
* * * LOW HITPOINT WARNING * * *
The quokka barely misses you. The quokka misses you.
You barely miss Eustachio.
Eustachio is severely wounded.
The quokka barely misses you.
The quokka bites you but does no damage.
Eustachio says, "My allies will avenge me."
Eustachio hits you with a +0 falchion.
You die...

Action                   |  1- 3 |  4- 6 |  7- 9 || total
-------------------------+-------+-------+-------++-------
Melee: Dagger            |   169 |   384 |    39 ||   592
       Bite              |    15 |    40 |     1 ||    56
       War axe           |       |    24 |       ||    24
 Cast: Corona            |     4 |       |       ||     4
       Ensorcelled Hiber |    12 |    20 |       ||    32
       Confusing Touch   |     1 |    26 |     6 ||    33
 Abil: Exsanguinate      |       |     1 |       ||     1
 Stab: Sleeping          |    20 |    35 |     2 ||    57
       Confused          |       |    24 |     3 ||    27
Armor: Robe              |    28 |    61 |    19 ||   108
Dodge: Dodged            |    89 |   174 |    63 ||   326

Levels and vault maps discovered:
D:1:      beargit_arrival_greenhouse, layout_loops_corners, serial_glass,
          glass_columns_a, glass_columns_a, feat_on_display, feat_on_display,
          minmay_strange_pillars, feat_on_display, minmay_3d_cube
D:2:      layout_basic, gammafunk_temple_overflow_statue, serial_glass,
          glass_columns_a, glass_columns_a, glass_columns_b, glass_columns_a,
          minmay_fractal_squares_gapless_5
D:3:      layout_rooms
D:4:      cheibrodos_old_hovel, layout_basic, grunt_gozag_statues,
          lemuel_doored_altar, nicolae_ossuary_entry_plus, serial_bayou_pond_b,
          uniq_eustachio

Notes
Turn   | Place    | Note
-------+----------+-------------------------------------------
     0 | D:1      | sanka the Vampire Enchanter began the quest for the Orb.
     0 | D:1      | Reached XP level 1. HP: 13/13 MP: 3/3
    89 | D:1      | Reached skill level 5 in Hexes
   194 | D:1      | Reached XP level 2. HP: 17/19 MP: 5/5
   269 | D:1      | Learned a level 2 spell: Ensorcelled Hibernation
   503 | D:1      | Reached skill level 6 in Hexes
   710 | D:1      | Reached XP level 3. HP: 24/24 MP: 3/6
   742 | D:1      | Learned a level 3 spell: Confusing Touch
  1593 | D:2      | Reached skill level 7 in Hexes
  1668 | D:2      | Reached XP level 4. HP: 30/30 MP: 7/7
  2009 | D:2      | Found an ancient bone altar of Kikubaaqudgha.
  2011 | D:2      | Found an ornate altar of the Wu Jian Council.
  2510 | D:2      | Reached skill level 8 in Hexes
  2654 | D:2      | Reached skill level 5 in Stealth
  2654 | D:2      | Reached XP level 5. HP: 28/35 MP: 2/8
  2954 | D:2      | Reached skill level 6 in Stealth
  3184 | D:3      | Reached skill level 7 in Stealth
  3685 | D:3      | Reached XP level 6. HP: 34/41 MP: 5/9
  4056 | D:4      | Found a broken altar of Ashenzari.
  4124 | D:4      | Reached skill level 8 in Stealth
  4143 | D:4      | Found a sand-covered staircase.
  4156 | Ossuary  | Entered an ossuary
  4378 | Ossuary  | Reached skill level 3 in Dodging
  5260 | Ossuary  | Reached skill level 4 in Dodging
  5746 | D:4      | Reached XP level 7. HP: 34/36 MP: 6/10
  5795 | D:4      | Reached skill level 5 in Dodging
  5899 | D:4      | Found an opulent altar of Gozag.
  6229 | D:4      | Noticed Eustachio
  6261 | D:4      | Identified a fine robe
  6291 | D:4      | Slain by Eustachio

Vanquished Creatures
  A scorpion (D:4)
  A hound (D:4)
  2 orc priests
  An iguana (D:4)
  2 orc wizards
  2 worker ants (D:4)
  11 mummies (Ossuary)
  A hound skeleton (D:4)
  4 adders (D:2)
  A howler monkey skeleton (D:4)
  2 oozes
  4 worms
  2 dart slugs
  6 leopard geckos
  11 orcs
  8 bats
  7 giant cockroaches
  9 goblins
  13 hobgoblins
  6 jackals (D:1)
  10 kobolds
  9 frilled lizards
  2 gnoll skeletons (Ossuary)
  2 goblin skeletons (Ossuary)
  A jackal skeleton (D:4)
  A kobold skeleton (Ossuary)
  3 orc skeletons (Ossuary)
  7 rats
  11 rat skeletons (Ossuary)
140 creatures vanquished.

Vanquished Creatures (others)
  A mummy (Ossuary)
  2 plants (D:4)
3 creatures vanquished.

Grand Total: 143 creatures vanquished
